 Dungeon Crawl Stone Soup version 0.26-a0-489-g112e8ad46e (webtiles) character file.

Game seed: 10054127639100643648

22024 KristoblXynda the Grappler (level 12, -5/144 HPs)
             Began as a Troll Hedge Wizard on Aug 3, 2020.
             Was a Priest of Ashenzari.
             Slain by a death scarab (19 damage)
             ... summoned by an orange crystal statue
             ... in a Gauntlet.
             The game lasted 00:41:12 (13412 turns).

KristoblXynda the Grappler (Troll Hedge Wizard)    Turns: 13412, Time: 00:41:14

Health: -5/144     AC: 26    Str: 21    XL:     12   Next: 59%
Magic:  14/14      EV:  1    Int: 14    God:    Ashenzari [***...]
Gold:   1078       SH:  0    Dex:  9    Spells: 8/15 levels left

rFire    . . .     SeeInvis +     - Unarmed
rCold    + . .     Faith    .   (no shield)
rNeg     + + +     Spirit   .   (armour currently unavailable)
rPois    +         Reflect  .   (helmet currently unavailable)
rElec    .         Harm     .   (cloak currently unavailable)
rCorr    .         NoTele   +   (gloves unavailable)
MR       .....                  (boots unavailable)
Stlth    ++........             a - amulet of regeneration (curse)
HPRegen  1.14/turn              E - ring of protection from cold
MPRegen  0.14/turn              z - ring of wizardry (curse)

@: lethally poisoned (-5 -> -5), tree-form, hasted and slowed
A: large, unfitting armour, regeneration 1
a: Curse Item, Scrying, Renounce Religion


You were in a Gauntlet.
You worshipped Ashenzari.
Ashenzari was most pleased with you.
You were a tree.
You visited 2 branches of the dungeon, and saw 15 of its levels.
You also visited: Bailey and Gauntlet.

You collected 1078 gold pieces.

Inventory:

Hand Weapons
 H - the +6 dire flail "Backscratcher" {flame, rPois rC- MR+ Dex+4}
   (You found it on level 9 of the Dungeon)

   It has been specially enchanted to burn those struck by it, causing extra
   injury to most foes and up to half again as much damage against particularly
   susceptible opponents.
   It affects your dexterity (+4).
   It makes you vulnerable to cold.
   It protects you from poison.
   It affects your resistance to hostile enchantments.
 M - a +0 executioner's axe of flaming
Armour
 b - a cursed scarf of invisibility (melded)
 d - +0 steam dragon scales
 G - a cursed +1 troll leather armour (melded)
 L - a +2 hat (melded)
 N - a +0 kite shield of protection
Jewellery
 a - a cursed amulet of regeneration (around neck)
 k - an uncursed ring of flight
 t - an uncursed ring of stealth
 x - an uncursed ring of protection from fire
 z - a cursed ring of wizardry (right branch)
 A - an uncursed ring of resist corrosion
 E - a ring of protection from cold (left branch)
Wands
 p - a wand of iceblast (4)
 q - a wand of acid (11)
 u - a wand of digging (4)
 v - a wand of paralysis (3)
Scrolls
 c - a scroll of acquirement
 e - 3 scrolls of amnesia
 f - a scroll of blinking
 g - 2 scrolls of fear
 j - 9 scrolls of teleportation
 l - a scroll of magic mapping
 r - 8 scrolls of remove curse
 y - 5 scrolls of immolation
 B - 2 scrolls of enchant weapon
Potions
 h - 2 potions of haste
 i - 6 potions of curing
 m - a potion of magic
 n - 6 potions of flight
 o - 3 potions of resistance
 s - 2 potions of might
 I - 3 potions of brilliance
 J - 2 potions of lignification
Miscellaneous
 w - a phial of floods
 D - a box of beasts
 K - a lightning rod (4/4)


   Skills:
 + Level 0.5 Armour
 + Level 9.6(11.3) Dodging
 - Level 1.0(2.1) Stealth
 - Level 11.1 Unarmed Combat
 - Level 2.0 Spellcasting
 + Level 8.8(10.6) Conjurations
   Level 0.6(1.5) Summonings
   Level 0.6(1.5) Translocations
 + Level 6.8(8.7) Evocations


You had 8 spell levels left.
You knew the following spells:

 Your Spells              Type           Power        Failure   Level
a - Magic Dart            Conj           ####         1%          1
b - Mephitic Cloud        Conj/Pois/Air  ##......     6%          3
c - Ozocubu's Armour      Ice            #.......     26%         3

Your spell library contained the following spells:

 Spells                   Type           Power        Failure   Level
 Conjure Flame            Conj/Fire      ###.....     3%          3
 Summon Small Mammal      Summ           #...         5%          1
 Blink                    Tloc           N/A          8%          2
 Call Imp                 Summ           #.......     8%          2
 Freeze                   Ice            #...         9%          1
 Hailstorm                Conj/Ice       ###.....     11%         4
 Slow                     Hex            #.......     13%         2
 Call Canine Familiar     Summ           #.......     16%         3
 Summon Guardian Golem    Hex/Summ       #.......     21%         3
 Frozen Ramparts          Ice            #.....       26%         3
 Summon Ice Beast         Ice/Summ       #.......     52%         4
 Summon Lightning Spire   Summ/Air       #.......     52%         4


Dungeon Overview and Level Annotations

Branches:
Dungeon (14/15)            Temple (1/1) D:6            Lair (0/6) D:10
    Orc (0/2) D:9          Bailey (visited)         Gauntlet (1/1)
 Vaults: D:13-14

Altars:
Ashenzari
Cheibriados
Dithmenos
Elyvilon
Fedhas
Gozag
Hepliaklqana
Kikubaaqudgha
Makhleb
Nemelex Xobeh
Okawaru
Qazlal
Ru
Sif Muna
Trog
Uskayaw
Vehumet
Wu Jian
Xom
Yredelemnul
Zin
The Shining One

Shops:
D:10 :=   D:12 (

Annotations:
D:10 3 runed translucent doors, KristoblXynda's ghost, journeyman TrWz Gauntlet 9 transporters, 1 runed translucent door, exclusions: ice statue and 2 orange crystal statues


Innate Abilities, Weirdness & Mutations

You are too large for most types of armour.
((You have claws for hands.))
Your natural rate of healing is unusually fast.
((You are covered in fur. (AC +1)))
((You have extremely tough skin. (AC +3)))


Message History

Unknown command.
Okay, then.
You feel yourself speed up.
You feel sick. The death scarab bites you!
* * * LOW HITPOINT WARNING * * *
The death scarab drains your vigour!
You feel as though you will be slow longer.
The death scarab bites you!
* * * LOW HITPOINT WARNING * * *
The death scarab drains your vigour!
You feel as though you will be slow longer.
The death scarab bites you but does no damage.
The killer bee stings you.
* * * LOW HITPOINT WARNING * * *
The killer bee stings you.
* * * LOW HITPOINT WARNING * * *
The killer bee stings you but does no damage. x4
The death scarab completely misses you. The killer bee completely misses you.
The killer bee stings you but does no damage. x2
The death scarab bites you!!
You die...

.#.........#..#########..#.....
.###########..#..........##..##
.#.........#..#########..###...
.#.........#..#...#.#©#..≈# ###
.#..##≈##..#..#.#.#.=##.§##
.#..≈###≈..#..#.#.#$).#..§#
.#..## ##..#.©#s#.©####..##
.#..≈# #≈..#..#y#yy...#..≈#
##..## ##..####y♣####.#..##
....≈# #§.....#8ssss..#..≈#
...### ###....#########..##
.#≈# #§#.............≈# ≈###
###≈#...........## ##
###≈#≈#§#≈#§#§# *,#############
**


You could see an orange crystal statue, 5 death scarabs and 4 killer bees.

Vanquished Creatures
  Erica (D:8)
  2 two-headed ogres (D:11)
  A catoblepas (D:13)
  A tengu warrior (D:13)
  An unseen horror (D:12)
  2 ugly things
  A manticore (D:12)
  A gargoyle (D:12)
  A freezing wraith (D:14)
  A kobold demonologist (D:12)
  4 trolls
  A merfolk (D:13)
  A harpy skeleton (D:12)
  A tengu conjurer (D:13)
  A hornet (D:13)
  A slime creature (D:14)
  2 meliai zombies
  A raiju (Gauntlet)
  A hippogriff (D:5)
  2 shadows (D:9)
  A human (D:3)
  A wyvern (D:10)
  3 centaur simulacra (Gauntlet)
  3 yaks (D:12)
  3 wraiths
  A steam dragon (Gauntlet)
  3 vampire mosquitoes (D:12)
  3 wargs (D:10)
  A water moccasin (D:12)
  Duvessa (D:5)
  13 orc warriors
  4 sky beasts
  4 ice beasts
  A necrophage (D:8)
  5 ogres
  5 phantoms
  22 centaurs
  Blork the orc (D:6)
  5 big kobolds
  12 bullfrogs
  A gnoll sergeant (D:11)
  A wyvern skeleton (D:10)
  Dowan (D:5)
  A hornet simulacrum (Gauntlet)
  5 scorpions
  13 killer bees
  2 troll zombies (D:9)
  20 wights
  A centaur zombie (D:7)
  8 hounds
  2 jellies
  A bullfrog zombie (D:13)
  6 orc priests
  A bullfrog skeleton (D:5)
  11 orc wizards
  2 centaur skeletons
  8 worker ants
  6 iguanas
  4 ogre zombies (D:9)
  A bullfrog simulacrum (Gauntlet)
  A howler monkey zombie (D:8)
  A worker ant zombie (D:11)
  2 howler monkey skeletons
  12 gnolls
  15 adders
  3 shadow imps
  3 white imps
  An ufetubus (D:6)
  2 oozes
  An adder skeleton (D:4)
  4 worms
  2 dart slugs
  4 leopard geckos
  73 orcs
  A ball python (D:4)
  4 giant cockroaches
  10 goblins
  8 hobgoblins
  7 jackals
  5 quokkas
  A ball python skeleton (D:4)
  15 bats
  5 frilled lizards
  A giant cockroach zombie (D:5)
  2 goblin skeletons
  2 goblin zombies (D:9)
  2 hobgoblin zombies (D:9)
  A jackal zombie (D:3)
  16 kobolds
  A kobold skeleton (D:3)
  A leopard gecko zombie (D:6)
  4 orc skeletons (D:9)
  10 orc zombies (D:9)
  6 rats
440 creatures vanquished.

Vanquished Creatures (collateral kills)
  Jorgrun (D:12)
1 creature vanquished.

Vanquished Creatures (others)
  A demonic plant (Gauntlet)
1 creature vanquished.

Grand Total: 442 creatures vanquished

Notes
Turn   | Place    | Note
-------+----------+-------------------------------------------
     0 | D:1      | KristoblXynda the Troll Hedge Wizard began the quest for
                  | the Orb.
     0 | D:1      | Reached XP level 1. HP: 16/16 MP: 2/2
   389 | D:1      | Reached skill level 1 in Conjurations
   398 | D:1      | Reached XP level 2. HP: 24/24 MP: 4/4
   465 | D:1      | Reached skill level 1 in Unarmed Combat
   859 | D:1      | Reached XP level 3. HP: 9/31 MP: 5/5
  1190 | D:2      | Found a burning altar of Makhleb.
  1327 | D:2      | Reached skill level 2 in Unarmed Combat
  1327 | D:2      | Reached XP level 4. HP: 39/39 MP: 6/6
  1460 | D:2      | Found a faded altar of an unknown god.
  1861 | D:3      | Found a runed translucent door.
  1861 | D:3      | Noticed a human
  1874 | D:3      | Found a basalt altar of Yredelemnul.
  1917 | D:3      | Killed a human
  1917 | D:3      | Reached skill level 3 in Unarmed Combat
  1917 | D:3      | Reached XP level 5. HP: 21/45 MP: 7/7
  1917 | D:3      | Reached XP level 6. HP: 25/53 MP: 8/8
  2960 | D:4      | Reached skill level 4 in Unarmed Combat
  2960 | D:4      | Reached XP level 7. HP: 56/59 MP: 9/9
  3427 | D:5      | Entered Level 5 of the Dungeon
  3442 | D:5      | Noticed Duvessa
  3457 | D:5      | Noticed Dowan
  3461 | D:5      | Killed Duvessa
  3468 | D:5      | Killed Dowan
  3629 | D:5      | Reached skill level 5 in Unarmed Combat
  3710 | D:5      | Reached XP level 8. HP: 23/67 MP: 10/10
  3950 | D:5      | Reached skill level 5 in Dodging
  4152 | D:5      | Noticed a hippogriff
  4161 | D:5      | Killed a hippogriff
  4161 | D:5      | Reached skill level 6 in Unarmed Combat
  4314 | D:6      | Found a sparkling altar of Nemelex Xobeh.
  4319 | D:6      | Found a hide-covered altar of Uskayaw.
  4320 | D:6      | Found a shadowy altar of Dithmenos.
  4323 | D:6      | Found a sacrificial altar of Ru.
  4470 | D:6      | Found an iron altar of Okawaru.
  4498 | D:6      | Noticed Blork the orc
  4511 | D:6      | Killed Blork the orc
  4511 | D:6      | Reached skill level 5 in Conjurations
  4875 | D:6      | Reached XP level 9. HP: 58/74 MP: 11/11
  5119 | D:6      | Found a staircase to the Ecumenical Temple.
  5146 | Temple   | Entered the Ecumenical Temple
  5174 | Temple   | Became a worshipper of Ashenzari the Shackled
  5460 | D:7      | Reached skill level 7 in Unarmed Combat
  5473 | D:7      | Reached skill level 1 in Evocations
  5583 | D:7      | Learned a level 3 spell: Mephitic Cloud
  5861 | D:7      | Found a sparkling altar of Nemelex Xobeh.
  6098 | D:8      | Reached * piety under Ashenzari
  6281 | D:8      | Noticed Erica
  6575 | D:8      | Found a snail-covered altar of Cheibriados.
  6643 | D:8      | Learned a level 3 spell: Ozocubu's Armour
  6788 | D:8      | Killed Erica
  6788 | D:8      | Reached skill level 8 in Unarmed Combat
  6788 | D:8      | Reached XP level 10. HP: 65/81 MP: 12/12
  7430 | D:9      | Found a staircase to the Orcish Mines.
  8294 | D:9      | Got the dire flail "Backscratcher" {flame, rPois rC- MR+
                  | Dex+4}
  8390 | D:10     | Entered Level 10 of the Dungeon
  8409 | D:10     | Found a runed translucent gate.
  8409 | D:10     | Found a runed translucent gate.
  8409 | D:10     | Found a runed translucent gate.
  8527 | D:10     | Reached skill level 9 in Unarmed Combat
  8541 | D:10     | Found a staircase to the Lair.
  8816 | D:10     | Reached XP level 11. HP: 37/88 MP: 13/13
  8872 | D:10     | Found Kuuphyic's Jewellery Shoppe.
  8879 | D:10     | Found Nagacur's Book Shoppe.
  8901 | D:10     | Reached ** piety under Ashenzari
  8952 | D:10     | Noticed KristoblXynda's ghost (journeyman TrWz)
  8953 | D:10     | Identified the ring of Wytzel {Fire *Slow rPois Int+3
                  | Dex+2}
  9189 | D:10     | Found the +5 scythe "Finisher" {speed, eviscerate}
  9268 | D:11     | Noticed a two-headed ogre
  9282 | D:11     | Killed a two-headed ogre
  9519 | D:11     | Noticed a two-headed ogre
  9527 | D:11     | Killed a two-headed ogre
  9675 | D:11     | Reached skill level 5 in Evocations
  9983 | D:11     | Identified the cursed +1 scale mail of the Slorg {Slay+3}
 10267 | D:12     | Found Tafex's Weapon Shoppe.
 10450 | D:12     | Noticed Jorgrun
 10488 | D:12     | Killed Jorgrun
 10488 | D:12     | Reached skill level 10 in Unarmed Combat
 10867 | D:12     | Noticed a brown ugly thing
 10883 | D:12     | Killed a brown ugly thing
 10883 | D:12     | Reached XP level 12. HP: 79/96 MP: 14/14
 11200 | D:13     | Found a flagged portal.
 11216 | Bailey   | Entered a bailey
 11370 | Bailey   | Reached *** piety under Ashenzari
 11862 | D:13     | Paralysed by a hornet for 2 turns
 12025 | D:13     | Noticed a four-headed hydra
 12025 | D:13     | Noticed a centaur warrior
 12133 | D:13     | Noticed a tengu warrior
 12177 | D:13     | Killed a tengu warrior
 12559 | D:13     | Noticed a catoblepas
 12580 | D:13     | Reached skill level 11 in Unarmed Combat
 12600 | D:13     | Killed a catoblepas
 12853 | D:14     | Found a white marble altar of Elyvilon.
 12963 | D:14     | Found a gate leading to a gauntlet.
 12973 | Gauntlet | Entered a Gauntlet
 12973 | Gauntlet | Found a transporter.
 12973 | Gauntlet | Found a runed translucent door.
 12973 | Gauntlet | Found a transporter.
 12974 | Gauntlet | Found a runed translucent door.
 12975 | Gauntlet | Found a transporter.
 12975 | Gauntlet | Found a transporter.
 12979 | Gauntlet | Found a transporter.
 13015 | Gauntlet | Found a transporter.
 13018 | Gauntlet | Found a transporter.
 13018 | Gauntlet | Found a transporter.
 13020 | Gauntlet | Noticed a cacodemon
 13036 | Gauntlet | Found a transporter.
 13047 | Gauntlet | Found a transporter.
 13054 | Gauntlet | Found a transporter.
 13056 | Gauntlet | Identified the ring of Juviag {+Fly rF+ Str+6}
 13057 | Gauntlet | Found the +9 staff of Olgreb {rPois∞}
 13071 | Gauntlet | Found a transporter.
 13093 | Gauntlet | Found a transporter.
 13105 | Gauntlet | Found a transporter.
 13240 | Gauntlet | Identified a scroll of acquirement
 13408 | Gauntlet | Noticed a death scarab
 13408 | Gauntlet | Noticed a death scarab
 13408 | Gauntlet | Noticed a death scarab
 13408 | Gauntlet | Noticed a death scarab
 13408 | Gauntlet | Noticed a death scarab
 13412 | Gauntlet | Slain by a death scarab

Illustrated notes

Levels and vault maps discovered:
D:1:      dpeg_arrival_arbitrary_c, layout_basic
D:2:      layout_basic, nicolae_overflow_crystal_walls,
          chequers_ecumenical_altar_simple_redux, dk_vineyard_3
D:3:      layout_rooms, serial_bayou_pond_d, dk_yredelemnul_ordeal
D:4:      layout_cave_pods, minmay_fractal_squares_diagonal_5
D:5:      layout_loops_cross, uniq_duvessa
D:6:      layout_basic, minitemple, okawaru_altar_gauntlet_db,
          minmay_temple_entry_gardened_gates, uniq_blork_the_orc
D:7:      layout_basic, nemelex_spade_bored_becter
D:8:      layout_basic, cheibriados_altar_1, eino_jars, uniq_erica
D:9:      layout_basic, zombieorc1_lemuel
D:10:     layout_loops_ring, erik_lair_orcish_takeover, serial_shops,
          nicolae_shop_trees, shop, gammafunk_ghost_icy,
          minmay_guarded_unrand_finisher
D:11:     layout_irregular_city
D:12:     layout_roguey, serial_shops, shop, uniq_jorgrun
D:13:     layout_irregular_city, enter_bailey_6, hangedman_fish_farm
D:14:     layout_basic, hangedman_vaults_entry_quadrant_bands,
          gauntlet_entry_generic, serial_shops, shop, elyvilon_altar_5,
          amethyst_killhole, uniq_azrael
Temple:   regret_index_temple_waves
Gauntlet: gammafunk_gauntlet_mixed_choke_point
          [minmay_gauntlet_arena_77_cramped, minmay_gauntlet_arena_77_fan,
          minmay_gauntlet_arena_77_two_paths, nicolae_gauntlet_arena_t_cross,
          minmay_gauntlet_arena_77_p_blocks, minmay_gauntlet_arena_77_two_lines,
          minmay_gauntlet_arena_77_radiant_squares,
          nicolae_gauntlet_exit_dead_adventurers]

Skill      XL: |  1  2  3  4  5  6  7  8  9 10 11 12 |
---------------+-------------------------------------+-----
Conjurations   | 1 2 3 4 5 6 7 8 |  8.8
Unarmed Combat | 1 2 3 4 5 6 8 9 10 11 | 11.1
Dodging        | 2 3 4 5 7 9 |  9.6
Evocations     | 3 4 5 6 |  6.8
Armour         | |  0.5
Stealth        | |  1.0
Spellcasting   | |  2.0
Summonings     | |  0.6
Translocations | |  0.6

Action                   |  1- 3 |  4- 6 |  7- 9 | 10-12 || total
-------------------------+-------+-------+-------+-------++-------
Melee: Unarmed           |   119 |   225 |   466 |   824 ||  1634
       Punch             |     1 |     4 |     6 |    26 ||    37
 Cast: Magic Dart        |       |       |     1 |       ||     1
       Mephitic Cloud    |       |       |     2 |    28 ||    30
Invok: Curse Item        |       |       |     4 |     1 ||     5
       Scrying           |       |       |       |     1 ||     1
Evoke: Wand              |       |     2 |     7 |    17 ||    26
       Box of beasts     |       |       |       |     1 ||     1
  Use: Scroll            |       |     3 |     7 |    15 ||    25
       Potion            |       |       |     3 |     5 ||     8
 Stab: Sleeping          |     2 |     3 |    14 |    11 ||    30
       Confused          |       |       |     1 |     9 ||    10
       Paralysed         |       |       |       |     9 ||     9
Armor: Robe              |    54 |   128 |   133 |    41 ||   356
       Troll leather arm |       |       |       |   162 ||   162
       Skin              |       |       |       |    39 ||    39
Dodge: Dodged            |    73 |   162 |   261 |   522 ||  1018

Table legend: (Time is in decaauts)
 A = Elapsed time spent in this place.
 B = Non-inter-level travel time spent in this place.
 C = Inter-level travel time spent in this place.
 D = Time resting spent in this place.
 E = Time spent auto-exploring this place.
 F = Levels seen in this place.
 G = Mean time per level.
                   A        B        C        D        E       F      G
               +--------+--------+--------+--------+--------+-----+--------+
         Total |  13244 |  12836 |    408 |   1750 |   6362 |  17 |  779.1 |
       Dungeon |  12081 |  11742 |    339 |   1510 |   6280 |  14 |  862.9 |
        Temple |    156 |     87 |     69 |      0 |     45 |   1 |  156.0 |
        Bailey |    574 |    574 |      0 |    116 |     37 |   1 |  574.0 |
      Gauntlet |    431 |    431 |      0 |    124 |      0 |   1 |  431.0 |
               +--------+--------+--------+--------+--------+-----+--------+

Top non-repeatable levels by time:
     D:9: 1147 daAuts
     D:8: 1096 daAuts
    D:13: 1084 daAuts
    D:11: 974 daAuts
     D:1: 931 daAuts
     D:4: 929 daAuts
     D:6: 908 daAuts
    D:12: 904 daAuts
     D:3: 843 daAuts
    D:10: 842 daAuts
     D:5: 836 daAuts
     D:7: 739 daAuts
     D:2: 708 daAuts
  Bailey: 574 daAuts
Gauntlet: 431 daAuts
